 Dungeon Crawl Stone Soup version 0.20-a0-454-g2b43fbb (webtiles) character file.

387 Halberto the Cudgeler (level 6, -16/37 HPs)
             Began as a Gargoyle Monk on Jan 9, 2017.
             Demolished by an ogre
             ... wielding a +0 giant spiked club
              (23 damage)
             ... on level 4 of the Dungeon.
             The game lasted 00:09:34 (4028 turns).

Halberto the Cudgeler (Gargoyle Monk)               Turns: 4028, Time: 00:09:34

Health: -16/37     AC: 15    Str: 16    XL:     6   Next: 78%
Magic:  6/6        EV:  5    Int: 16    God:
Gold:   186        SH:  0    Dex: 12    Spells: 5/5 levels left

rFire  . . .     SeeInvis +     B - +0 flail
rCold  . . .     Gourm    .     x - +0 plate armour
rNeg   + . .     Faith    .     (no shield)
rPois  ∞         Spirit   .     h - +0 helmet
rElec  +         Reflect  .     (no cloak)
rCorr  .         Harm     .     (no gloves)
MR     .....                    (no boots)
Stlth  ..........               (no amulet)
                                f - ring of see invisible
                                r - +5 ring of intelligence

@: no status effects
A: negative energy resistance 1, electricity resistance, unbreathing,
petrification resistance, rot immunity, AC +4
a: no special abilities


You were on level 4 of the Dungeon.
You were not hungry.

You visited 1 branch of the dungeon, and saw 4 of its levels.

You collected 186 gold pieces.

Inventory:

Hand Weapons
 B - a +0 flail (weapon)
Missiles
 d - 8 javelins (quivered)
Armour
 h - a +0 helmet (worn)
 x - a +0 plate armour (worn)
Jewellery
 f - a ring of see invisible (right hand)
 r - a +5 ring of intelligence (left hand)
 y - a cursed ring of teleportation {unknown}
Wands
 t - a wand of lightning (0/15)
 v - a wand of random effects (29/48)
 w - a wand of flame (2/48)
Scrolls
 g - 4 scrolls of remove curse {unknown}
 i - 2 scrolls of enchant armour {unknown}
 j - 2 scrolls of magic mapping {unknown}
 l - a scroll of random uselessness {unknown}
 m - 3 scrolls of blinking {unknown}
 q - 2 scrolls of recharging {unknown}
 s - a scroll of immolation {unknown}
 u - 4 scrolls of identify {unknown}
Potions
 b - a potion of cure mutation {unknown}
 e - a potion of mutation {unknown}
 k - a potion of brilliance {unknown}
 o - 2 potions of agility {unknown}
 p - 3 potions of curing {unknown}
 z - 2 potions of might {unknown}
 A - a potion of haste {unknown}
Comestibles
 c - 3 bread rations
 n - a meat ration


   Skills:
 - Level 3.2 Fighting
 * Level 7.1 Maces & Flails
 - Level 2.4 Dodging
 - Level 3.3 Stealth


You had 5 spell levels left.
You didn't know any spells.

Dungeon Overview and Level Annotations

Branches:
Dungeon (4/15)
 Temple: D:4-7

Altars:
Cheibriados
Makhleb
Ru


Innate Abilities, Weirdness & Mutations

You are resistant to torment.
Your stone body is resilient. (AC +4)
You are immune to poison.
You resist negative energy. (rN+)
You are resistant to electric shocks. (rElec)
You can survive without breathing.
You are immune to petrification.
You are immune to rotting.


Message History

You drop a +0 mace.
You start resting.
HP restored.
You can't go up here!
You climb downwards.
There is a stone staircase leading up here.
You sock the ogre!
The ogre is heavily wounded.
The ogre hits you with a giant spiked club!
You thump the ogre!
The ogre is severely wounded.
You hit the ogre.
The ogre is almost dead.
The ogre hits you with a giant spiked club!
* * * LOW HITPOINT WARNING * * *
Your plate armour prevents you from hitting the ogre.
The ogre is almost dead.
The ogre hits you with a giant spiked club!!
Ouch! That really hurt!
You die...

......O##.#.......#
.......##.#.......#
......(##.#......##
.......##.#.......#
#..##..##.#.###...#
#..##..##...###[..#
.!..#.>..#........#
....#....#......[[#
...####+###..##O@<#
..(##...###..##...#
... ..............#
..............#
.........##...#
#........##..##
#...##........#
#... #.......## ...
#.....


You could see an ogre.

Vanquished Creatures
  An ice beast (D:4)
  A centaur skeleton (D:2)
  An orc priest (D:4)
  An orc wizard (D:4)
  An iguana (D:4)
  2 worker ants (D:4)
  A hound skeleton (D:4)
  3 adders
  2 worms (D:2)
  4 dart slugs (D:1)
  3 leopard geckos
  8 orcs
  4 ball pythons
  A giant cockroach (D:3)
  13 goblins
  8 hobgoblins
  4 jackals (D:3)
  4 bats
  4 frilled lizards
  A jackal skeleton (D:4)
  6 kobolds
  4 rats
77 creatures vanquished.

Notes
Turn   | Place    | Note
-------+----------+-------------------------------------------
     0 | D:1      | Halberto the Gargoyle Monk began the quest for the Orb.
     0 | D:1      | Reached XP level 1. HP: 14/14 MP: 1/1
   455 | D:1      | Reached XP level 2. HP: 19/19 MP: 2/2
   834 | D:1      | Reached XP level 3. HP: 22/23 MP: 3/3
  1292 | D:2      | Reached skill level 4 in Maces & Flails
  1925 | D:2      | Found a burning altar of Makhleb.
  1925 | D:2      | Found a faded altar of an unknown god.
  1930 | D:2      | Found a sacrificial altar of Ru.
  1932 | D:2      | Found a faded altar of an unknown god.
  1934 | D:2      | Found a snail-covered altar of Cheibriados.
  2039 | D:2      | Reached XP level 4. HP: 28/28 MP: 4/4
  2545 | D:3      | Reached skill level 5 in Maces & Flails
  2596 | D:3      | Reached XP level 5. HP: 26/32 MP: 5/5
  3348 | D:4      | Reached skill level 6 in Maces & Flails
  3359 | D:4      | Reached XP level 6. HP: 13/37 MP: 6/6
  3674 | D:4      | Noticed an ice beast
  3699 | D:4      | Killed an ice beast
  3699 | D:4      | Reached skill level 7 in Maces & Flails
  4028 | D:4      | Demolished by an ogre

Vault maps used:
D:1:      dpeg_arrival_rooms_c
D:2:      chequers_temple_overflow_minitemple, first_bread, serial_bayou_pond_e
D:4:      corner_web_ring, uniq_purgy

Skill      XL: |  1  2  3  4  5  6 |
---------------+-------------------+-----
Stealth        | 3 |  3.3
Maces & Flails | 4 5 6 7 |  7.1
Fighting       | |  3.2
Dodging        | |  2.4

Action                   |  1- 3 |  4- 6 || total
-------------------------+-------+-------++-------
Melee: Mace              |   115 |   229 ||   344
       Flail             |       |     4 ||     4
Throw: Javelin           |     3 |       ||     3
Evoke: Wand              |       |    16 ||    16
 Stab: Sleeping          |     2 |       ||     2
  Eat: Chunk             |     4 |     6 ||    10
Armor: Robe              |    17 |       ||    17
       Ring mail         |    20 |       ||    20
       Chain mail        |    26 |    72 ||    98
       Plate armour      |       |   124 ||   124
Dodge: Dodged            |    73 |    71 ||   144
